 Dungeon Crawl Stone Soup version 0.21-a0-633-g4c047d5 (webtiles) character file.

191 Faca the Shield-Bearer (level 6, -3/48 HPs)
             Began as a Formicid Fighter on Dec 28, 2017.
             Was an Initiate of Okawaru.
             Slain by a gnoll
             ... wielding a +0 whip
              (4 damage)
             ... on level 3 of the Dungeon.
             The game lasted 00:06:17 (2530 turns).

Faca the Shield-Bearer (Formicid Fighter)           Turns: 2530, Time: 00:06:17

Health: -3/48      AC: 13    Str: 21    XL:     6   Next: 1%
Magic:  6/6        EV:  6    Int:  7    God:    Okawaru [......]
Gold:   197        SH: 10    Dex: 12    Spells: 5/5 levels left

rFire    . . .     SeeInvis +   a - +0 long sword
rCold    . . .     Gourm    .   c - +0 shield
rNeg     . . .     Faith    .   n - +0 chain mail
rPois    .         Spirit   .   (helmet unavailable)
rElec    .         Reflect  .   b - +0 cloak
rCorr    .         Harm     .   (no gloves)
MR       .....                  m - +2 pair of boots
Stlth    ..........             (no amulet)
HPRegen  0.16/turn              (no ring)
MPRegen  0.10/turn              (no ring)

@: no status effects
A: permanent stasis, dig shafts and tunnels, four strong arms, antennae 3
a: Dig, Shaft Self, Renounce Religion


You were on level 3 of the Dungeon.
You worshipped Okawaru.
Okawaru was noncommittal.
You were not hungry.

You visited 1 branch of the dungeon, and saw 3 of its levels.

You collected 197 gold pieces.

Inventory:

Hand Weapons
 a - a +0 long sword (weapon)
Armour
 b - a +0 cloak (worn)
 c - a +0 shield (worn)
 h - a +0 large shield
 m - a +2 pair of boots (worn)
 n - a +0 chain mail (worn)
Scrolls
 e - 2 scrolls of fear
 g - a scroll of identify
 l - a scroll of immolation
Potions
 d - a potion of might
 i - a potion of agility
 j - a potion of curing
 k - a potion of brilliance
Comestibles
 f - 5 rations


   Skills:
 + Level 4.0 Fighting
 + Level 3.9 Long Blades
 + Level 4.1 Armour
 + Level 4.9 Shields


You had 5 spell levels left.
You didn't know any spells.

Dungeon Overview and Level Annotations

Branches:
Dungeon (3/15)

Altars:
Gozag
Okawaru


Innate Abilities, Weirdness & Mutations

You cannot be hasted, slowed, berserked, paralysed or teleported.
You can dig through walls and to a lower floor.
Your four strong arms can wield two-handed weapons with a shield.
You have a pair of large antennae on your head. (SInv)


Message History

* * * LOW HITPOINT WARNING * * *
You closely miss the gnoll.
The gnoll is almost dead.
The gnoll hits you but does no damage. The gnoll hits you with a club.
* * * LOW HITPOINT WARNING * * *
You block the gnoll's attack. x3
You slash the gnoll!
You kill the gnoll!
Okawaru accepts your kill.
You have reached level 6!
Your experience leads to an increase in your attributes!
Increase (S)trength, (I)ntelligence, or (D)exterity?
You feel agile. The gnoll hits you but does no damage.
You block the gnoll's attack. x2
The gnoll hits you with a whip.
* * * LOW HITPOINT WARNING * * *
You hit the gnoll.
The gnoll is severely wounded.
You block the gnoll's attack. The gnoll hits you with a whip.
You die...

.#.......#..#.#........#
.#....†..#..#.#........#
....._.....'#'#........#
.#.......#.............#
.#.......#.............#
.##.....##.............#
.####.####.....######
.............>.########
..###.#.........@)....#
#.)....#######.ggg....#
######.# #........#
#.##.# #.......)# #....#
#........# #.####
#........# #....#
#.?........ ####.#
########### ######†#


You could see 3 gnolls.

Vanquished Creatures
  An orc priest (D:3)
  Crazy Yiuf (D:2)
  Terence (D:2)
  2 adders
  A gnoll (D:3)
  A worm (D:2)
  2 dart slugs (D:1)
  2 leopard geckos
  5 orcs (D:3)
  3 giant cockroaches
  14 goblins
  8 hobgoblins
  3 quokkas (D:2)
  2 ball pythons (D:3)
  7 bats
  5 frilled lizards
  6 kobolds
  7 rats
71 creatures vanquished.

Notes
Turn   | Place    | Note
-------+----------+-------------------------------------------
     0 | D:1      | Faca the Formicid Fighter began the quest for the Orb.
     0 | D:1      | Reached XP level 1. HP: 18/18 MP: 1/1
   134 | D:1      | Reached XP level 2. HP: 15/24 MP: 2/2
   536 | D:1      | Reached XP level 3. HP: 29/29 MP: 3/3
  1055 | D:2      | Reached XP level 4. HP: 36/36 MP: 4/4
  1219 | D:2      | Found a runed door.
  1223 | D:2      | Noticed Crazy Yiuf
  1241 | D:2      | Killed Crazy Yiuf
  1447 | D:2      | Noticed Terence
  1455 | D:2      | Killed Terence
  1455 | D:2      | Reached XP level 5. HP: 42/42 MP: 5/5
  1805 | D:3      | Found an iron altar of Okawaru.
  1813 | D:3      | Became a worshipper of Warmaster Okawaru
  2333 | D:3      | Found an opulent altar of Gozag.
  2529 | D:3      | Reached XP level 6. HP: 6/48 MP: 6/6
  2529 | D:3      | HP: 1/48 [gnoll/whip (5)]
  2530 | D:3      | Slain by a gnoll

Vault maps used:
D:1:      dpeg_arrival_boxes_within_box, minmay_misc_feat_hallway
D:2:      uniq_crazy_yiuf_cottage, uniq_terence
D:3:      kennysheep_goblin_castle, old_standard_altar,
          chequers_ecumenical_altar_simple, okawaru_metal_pillars_1_2

Skill      XL: |  1  2  3  4  5 |
---------------+----------------+-----
Shields        | 4 |  4.9
Long Blades    | 3 |  3.9
Armour         | 4 |  4.1
Fighting       | 4 |  4.0

Action                   |  1- 3 |  4- 6 || total
-------------------------+-------+-------++-------
Melee: Long sword        |   118 |   166 ||   284
  Use: Scroll            |     6 |     3 ||     9
       Potion            |       |     2 ||     2
  Eat: Chunk             |     1 |     5 ||     6
Armor: Scale mail        |    44 |       ||    44
       Chain mail        |     3 |    75 ||    78
Dodge: Dodged            |    46 |    51 ||    97
Block: Shield            |    67 |    95 ||   162
       Rpst.: Long sword |    16 |    10 ||    26

Table legend:
 A = Spawn XP
 B = Non-spawn XP
 C = Spawn XP percentage of total XP
 D = Spawn monster count
 E = Non-spawn monster count
 F = Spawn count percentage of total count
 G = Total turns spent on level
                    A         B        C        D         E        F      G
               +---------+---------+-------+---------+---------+-------+---------
         Total |       0 |     273 |   0.0 |       0 |      71 |   0.0 |  2530
               +---------+---------+-------+---------+---------+-------+---------
           D:1 |       0 |      35 |   0.0 |       0 |      18 |   0.0 |   761
           D:2 |       0 |     132 |   0.0 |       0 |      29 |   0.0 |  1001
           D:3 |       0 |     106 |   0.0 |       0 |      24 |   0.0 |   768
               +---------+---------+-------+---------+---------+-------+---------
